 Dungeon Crawl Stone Soup version 0.32-a0-361-g289a535e89 (webtiles) character file.

Game seed: 16804186811386937978

961 dialectric the Chopper (level 8, -3/61 HPs)
             Began as a Coglin Gladiator on Feb 18, 2024.
             Was an Elder of Uskayaw.
             Slain by a killer bee (5 damage)
             ... on level 7 of the Dungeon.
             The game lasted 00:03:30 (2843 turns).

dialectric the Chopper (Coglin Gladiator)           Turns: 2843, Time: 00:03:31

Health: -3/61      AC:  5    Str: 16    XL:     8   Next: 15%
Magic:  8/8        EV: 18    Int:  8    God:    Uskayaw [****..]
Gold:   198        SH:  0    Dex: 16    Spells: 7/7 levels left

rFire   . . .        a - +0 war axe {Diego}
rCold   . . .        h - +1 hand axe (flame) {Ana}
rNeg    . . .        b - +0 leather armour
rPois   .            c - +0 helmet
rElec   .            k - +0 cloak
rCorr   .            (no gloves)
SInv    .            (no boots)
Will    +....        i - amulet of regeneration
Stlth   ++           x - +5 ring of evasion
HPRegen 1.10/turn    (no ring)
MPRegen 0.11/turn

%: clarity
@: lethally poisoned (-3 -> -7), enlightened, flying, revved, stiff-legged, very
slow
A: off-hand wielding, slow wielding, warmup strikes, warmup strides, clarity,
evolution 1
a: Renounce Religion, Stomp, Line Pass


You were on level 7 of the Dungeon.
You worshipped Uskayaw.
Uskayaw was noncommittal.
You visited 1 branch of the dungeon, and saw 6 of its levels.

You collected 198 gold pieces.

Inventory:

Hand Weapons
 a - a +0 war axe (weapon) {Diego}
 h - a +1 hand axe of flaming (worn) {Ana}
Missiles
 d - 3 throwing nets (quivered)
 e - a javelin
Armour
 b - a +0 leather armour (worn)
 c - a +0 helmet (worn)
 k - a +0 cloak (worn)
Jewellery
 i - an amulet of regeneration (around neck)
 x - a +5 ring of evasion (left grasper)
Wands
 o - a wand of flame (5)
Scrolls
 f - a scroll of enchant weapon {unknown}
 j - a scroll of fog {unknown}
 l - a scroll of fear {unknown}
 m - a scroll of immolation {unknown}
 n - 9 scrolls of identify {unknown}
 p - a scroll of teleportation {unknown}
 q - a scroll of summoning {unknown}
 r - a scroll of vulnerability {unknown}
 s - a scroll of poison {unknown}
 y - a scroll of noise {unknown}
Potions
 g - a potion of ambrosia {unknown}
 t - a potion of might {unknown}
 u - 2 potions of enlightenment
 v - a potion of curing {unknown}
 w - a potion of degeneration {unknown}
 A - a potion of heal wounds {unknown}
 B - a potion of lignification {unknown}
 C - a potion of resistance {unknown}


   Skills:
 * Level 4.4 Fighting
 + Level 4.7 Axes
 + Level 3.6 Throwing
 * Level 3.7 Armour
 + Level 4.2 Dodging
 - Level 2.0 Stealth


You had 7 spell levels left.
You didn't know any spells.
Your spell library contained the following spells:

 Spells                   Type           Power      Damage    Failure   Level
 Cigotuvi's Dreadful Rot  Necr/Alch/Air  0%         N/A       61%         2
 Jinxbite                 Hex            0%         N/A       61%         2
 Lesser Beckoning         Tloc           0%         N/A       61%         2
 Mercury Vapours          Alch/Air       0%         N/A       61%         2
 Gell's Gravitas          Tloc           0%         N/A       83%         3
 Mephitic Cloud           Conj/Alch/Air  0%         N/A       83%         3
 Teleport Other           Tloc           0%         N/A       83%         3
 Volatile Blastmotes      Fire/Tloc      0%         2d10      83%         3
 Brom's Barrelling Bould  Conj/Erth      0%         2d3       99%         4
 Dispel Undead            Necr           0%         3d6       99%         4
 Fulminant Prism          Conj/Alch      0%         3d5       99%         4
 Iskenderun's Mystic Bla  Conj/Tloc      0%         2d3       99%         4
 Martyr's Knell           Necr/Summ      0%         N/A       99%         4
 Fireball                 Conj/Fire      0%         3d3       100%        5
 Freezing Cloud           Conj/Ice/Air   0%         6-21      100%        5
 Iskenderun's Battlesphe  Conj           0%         2d6       100%        5
 Yara's Violent Unravell  Hex/Alch       0%         3d3       100%        5
 Conjure Ball Lightning   Conj/Air       0%         3x3d6     100%        6
 Death Channel            Necr           0%         N/A       100%        6
 Enfeeble                 Hex            0%         N/A       100%        7
 Orb of Destruction       Conj           0%         9d5       100%        7


Dungeon Overview and Level Annotations

Branches:
Dungeon (7/15)
 Temple: D:4-7

Altars:
Elyvilon
Hepliaklqana
Ru
Uskayaw

Shops:
D:5 :


Innate Abilities, Weirdness & Mutations

You can wield a second weapon in your off-hand.
It takes a long time for you to wield or remove held weapons.
Your first few attacks do less damage.
Your first movements take longer.
You possess an exceptional clarity of mind.
You have hidden genetic potential.


Message History

You hit the killer bee with your +1 hand axe of flaming.
You burn the killer bee.
You kill the killer bee!
The helpless killer bee fails to defend itself.
You hit the killer bee but do no damage.
The helpless killer bee fails to defend itself.
You hit the killer bee but do no damage.
The helpless killer bee fails to defend itself.
You slash the killer bee with your +1 hand axe of flaming!
You burn the killer bee.
You kill the killer bee!
You feel extremely sick.
The kobold brigand is no longer paralysed.
The killer bee is no longer paralysed. x3; The killer bee misses you.
The killer bee closely misses you. The killer bee misses you.
The killer bee barely misses you. The killer bee stings you.
* * * LOW HITPOINT WARNING * * *
Uskayaw will force your foes to share their pain.
Uskayaw links your audience in an emotional bond!
You have reached level 8!
You feel agile.
Unknown command.
It was a potion of enlightenment.
You feel very buoyant.
You fly up into the air.
You feel very sick.
The orc is no longer paralysed.
The killer bee misses you. x2
The killer bee barely misses you. The killer bee completely misses you.
The killer bee stings you.
* * * LOW HITPOINT WARNING * * *
The killer bee closely misses you.
It was a potion of mutation.
You feel extremely strange.
Your thoughts seem clearer.
You feel a hidden potential growing inside you.
* * * LOW HITPOINT WARNING * * *
You feel very sick.
The killer bee is no longer sharing its pain. x2
The killer bee barely misses you. x2; The killer bee stings you.
You die...
Your body falls in perfect tune with the rhythm.

.#
..###########+##
...............#
..:............#
..>............#
...............+
#..K.yo.......#
#....y@.......#
#....y†.......#
#.........<...#
#........<....#
#.............#
...............#
...>...........#
.#.............#
####..#+#######


You could see a kobold brigand (pain bonded), 3 killer bees and an orc (pain
bonded).

Vanquished Creatures
  Eustachio (D:6)
  An ogre (D:6)
  3 scorpions
  3 killer bees (D:7)
  A bombardier beetle (D:6)
  A hound (D:7)
  An orc priest (D:5)
  3 iguanas
  Ijyb (D:3)
  An orc wizard (D:6)
  4 gnolls (D:6)
  7 adders
  An adder skeleton (D:3)
  A ribbon worm (D:2)
  3 dart slugs
  9 orcs
  5 ball pythons
  9 endoplasms
  A giant cockroach (D:2)
  A goblin (D:2)
  2 hobgoblins
  2 kobolds (D:2)
  3 quokkas
  5 bats
  2 frilled lizards
  8 rats
79 creatures vanquished.

Notes
Turn   | Place    | Note
-------+----------+-------------------------------------------
     0 | D:1      | dialectric the Coglin Gladiator began the quest for the
                  | Orb.
     0 | D:1      | Reached XP level 1. HP: 16/16 MP: 1/1
    78 | D:1      | Reached XP level 2. HP: 22/22 MP: 2/2
   137 | D:1      | Found a faded altar of an unknown god.
   169 | D:1      | Prayed at the altar of an unknown god.
   169 | D:1      | Became a worshipper of Uskayaw the Reveller
   169 | D:1      | Reached * piety under Uskayaw
   200 | D:1      | Reached ** piety under Uskayaw
   326 | D:1      | Reached XP level 3. HP: 28/28 MP: 3/3
   707 | D:2      | Reached *** piety under Uskayaw
   891 | D:2      | Reached XP level 4. HP: 34/34 MP: 4/4
  1398 | D:3      | Noticed Ijyb
  1408 | D:3      | Killed Ijyb
  1409 | D:3      | Reached skill level 1 in Armour
  1409 | D:3      | Reached XP level 5. HP: 25/40 MP: 5/5
  1438 | D:3      | You fall into a shaft and drop 2 floors!
  1438 | D:5      | Entered Level 5 of the Dungeon
  1438 | D:5      | Found a white marble altar of Elyvilon.
  1451 | D:5      | Found Ziopiz's Book Boutique.
  1719 | D:5      | Reached skill level 1 in Stealth
  1719 | D:5      | Reached XP level 6. HP: 23/47 MP: 6/6
  2255 | D:6      | Noticed Eustachio
  2269 | D:6      | Killed Eustachio
  2269 | D:6      | Reached **** piety under Uskayaw
  2270 | D:6      | Reached XP level 7. HP: 21/52 MP: 7/7
  2353 | D:6      | Found a sacrificial altar of Ru.
  2737 | D:6      | Found a hazy altar of Hepliaklqana.
  2842 | D:7      | Reached XP level 8. HP: 13/61 MP: 8/8
  2843 | D:7      | Gained mutation: You possess an exceptional clarity of
                  | mind. [potion of mutation]
  2843 | D:7      | Gained mutation: You have hidden genetic potential. [potion
                  | of mutation]
  2843 | D:7      | HP: 2/61 [poisoned by a killer bee]
  2843 | D:7      | Slain by a killer bee

Illustrated notes

Levels and vault maps discovered:
D:1:      psy_arrival_spokes, layout_loops_ring, basic_ecumenical_altar,
          chequers_garden, minmay_pentomino_x2
D:2:      layout_loops_ring
D:3:      layout_loops_cross, marbit_many_paths, serial_undead, serial_undead_d,
          serial_undead_e, serial_undead_e, serial_undead_b, serial_undead_a,
          serial_undead_c, chequers_big_river, uniq_terence, uniq_ijyb
D:5:      cheibrodos_helix_gallery, layout_basic, elyvilon_altar_3,
          serial_shops, shop_fountains
D:6:      layout_rooms, nicolae_hepliaklqana_hippocampus,
          nicolae_ru_the_path_less_chosen,
          serial_library_hellmonk_reading_circle, uniq_eustachio
D:7:      layout_basic, hellmonk_okawaru_the_only_friend_you_need,
          item_on_display_a, uniq_maurice, uniq_duvessa

Skill      XL: |  1  2  3  4  5  6  7 |
---------------+----------------------+-----
Throwing       | 2 3 |  3.6
Dodging        | 3 4 |  4.2
Armour         | 1 2 3 |  3.7
Fighting       | 3 4 |  4.4
Stealth        | 1 2 |  2.0
Axes           | 4 |  4.7

Action                     |  1- 3 |  4- 6 |  7- 9 || total
---------------------------+-------+-------+-------++-------
  Melee: War axe           |    48 |    76 |    29 ||   153
         Hand axe          |     8 |    76 |    31 ||   115
    Use: Potion            |       |       |     2 ||     2
   Stab: Sleeping          |     2 |     1 |     1 ||     4
         Paralysed         |       |     8 |    12 ||    20
 Armour: Leather armour    |    28 |    67 |    29 ||   124
  Dodge: Dodged            |    36 |    67 |    61 ||   164

Table legend: (Time is in decaauts)
 A = Elapsed time spent in this place.
 B = Non-inter-level travel time spent in this place.
 C = Inter-level travel time spent in this place.
 D = Time resting spent in this place.
 E = Time spent auto-exploring this place.
 F = Levels seen in this place.
 G = Mean time per level.
                   A        B        C        D        E       F      G
               +--------+--------+--------+--------+--------+-----+--------+
         Total |   3013 |   2866 |    147 |      3 |   2214 |   6 |  502.2 |
       Dungeon |   3013 |   2866 |    147 |      3 |   2214 |   6 |  502.2 |
               +--------+--------+--------+--------+--------+-----+--------+

Top non-repeatable levels by time:
     D:5: 772 daAuts
     D:2: 738 daAuts
     D:1: 732 daAuts
     D:6: 701 daAuts
     D:3: 56 daAuts
     D:7: 11 daAuts
